 Dungeon Crawl Stone Soup version 0.28-a0-664-gc179e30c89 (webtiles) character file.

Game seed: 16128558140441561974

4891 spiderkeys the Fighter (level 10, -14/82 HPs)
             Began as a Gnoll Abyssal Knight on Oct 16, 2021.
             Was a Believer of Lugonu.
             Demolished by a two-headed ogre (23 damage)
             ... on level 7 of the Dungeon.
             The game lasted 00:13:47 (8244 turns).

spiderkeys the Fighter (Gnoll Abyssal Knight)       Turns: 8244, Time: 00:13:47

Health: -14/82     AC:  7    Str: 16    XL:     10   Next: 51%
Magic:  18/18      EV: 13    Int: 16    God:    Lugonu [**....]
Gold:   336        SH:  0    Dex: 12    Spells: 18/19 levels left

rFire   . . .      SeeInvis .   d - +9 mace of Calamity {speed, *Slow rN+ rCorr Stlth+}
rCold   . . .      Faith    .   (no shield)
rNeg    + . .      Spirit   .   b - +0 leather armour
rPois   .          Reflect  .   (no helmet)
rElec   .          Harm     .   x - +0 cloak
rCorr   +          Rampage  .   n - +1 pair of gloves
Will    .....                   (no boots)
Stlth   ++++......              (no amulet)
HPRegen 0.23/turn               I - +6 ring of intelligence
MPRegen 0.16/turn               (no ring)

@: slowed, very slow
A: fangs 1, strong nose, distributed training
a: Renounce Religion, Depart the Abyss, Bend Space


You were on level 7 of the Dungeon.
You worshipped Lugonu.
Lugonu was pleased with you.
You visited 1 branch of the dungeon, and saw 7 of its levels.
You visited the Abyss 1 time.

You collected 336 gold pieces.


Innate Abilities, Weirdness & Mutations

You have very sharp teeth.
Your uncanny sense of smell can sniff out nearby items.
Your experience applies equally to all skills.


   Skills:
 + Level 8.5 Fighting
 + Level 5.3 Short Blades
 + Level 5.3 Long Blades
 + Level 5.3 Axes
 + Level 5.3 Maces & Flails
 + Level 7.1 Polearms
 + Level 5.3 Staves
 + Level 5.3 Slings
 + Level 5.3 Bows
 + Level 5.3 Crossbows
 + Level 5.3 Throwing
 + Level 7.1 Armour
 + Level 6.0 Dodging
 + Level 5.3 Stealth
 + Level 5.3 Shields
 + Level 5.3 Unarmed Combat
 + Level 5.3 Spellcasting
 + Level 4.4 Conjurations
 + Level 4.4 Hexes
 + Level 4.4 Summonings
 + Level 4.4 Necromancy
 + Level 4.4 Translocations
 + Level 4.4 Transmutations
 + Level 4.4 Fire Magic
 + Level 4.4 Ice Magic
 + Level 4.4 Air Magic
 + Level 4.4 Earth Magic
 + Level 4.4 Poison Magic
 + Level 7.5 Invocations
 + Level 5.3 Evocations


You had 18 spell levels left.
You knew the following spells:

 Your Spells              Type           Power      Damage    Failure   Level
z - Shock                 Conj/Air       72%        1d7       2%          1

Your spell library contained the following spells:

 Spells                   Type           Power      Damage    Failure   Level
 Sublimation of Blood     Necr           9%         N/A       4%          2
 Conjure Flame            Conj/Fire      18%        6-21      9%          3
 Ignite Poison            Fire/Tmut/Pois 18%        N/A       9%          3
 Portal Projectile        Hex/Tloc       36%        N/A       9%          3
 Swiftness                Air            18%        N/A       9%          3
 Airstrike                Air            9%         N/A       28%         4
 Petrify                  Tmut/Erth      18%        N/A       28%         4
 Sticky Flame             Conj/Fire      18%        2d4       28%         4
 Blade Hands              Tmut           9%         N/A       61%         5
 Excruciating Wounds      Necr           9%         N/A       61%         5
 Irradiate                Conj/Tmut      9%         3d17      61%         5

Inventory:

Hand Weapons
 a - a +1 spear
 d - the +9 mace of Calamity (weapon) {speed, *Slow rN+ rCorr Stlth+}
   (You found it on level 2 of the Abyss)

   Attacks with this weapon are significantly faster.
   rN:        It protects you from negative energy.
   rCorr:     It protects you from acid and corrosion.
   *Slow:     It may slow you when you take damage.
   Stlth:     It makes you more stealthy.
 l - a +2 short sword of holy wrath
   (You took it off a kobold on level 1 of the Dungeon)
Missiles
 g - 66 arrows
 h - 11 boomerangs (quivered)
 o - 126 stones
 s - 7 javelins
 z - 15 bolts
Armour
 b - a +0 leather armour (worn)
 n - a +1 pair of gloves (worn)
   (You found it on level 1 of the Dungeon)
 x - a +0 cloak (worn)
   (You found it on level 5 of the Dungeon)
Magical Staves
 q - a staff of death {!a}
   (You found it on level 2 of the Dungeon)
 A - a staff of conjuration {!a}
   (You found it on level 7 of the Dungeon)
Jewellery
 I - a +6 ring of intelligence (left hand)
   (You found it on level 7 of the Dungeon)
Wands
 c - a wand of flame (45)
   (You found it on level 2 of the Abyss)
 i - a wand of iceblast (1)
   (You found it on level 5 of the Dungeon)
 y - a wand of digging (6)
   (You took it off Sigmund on level 5 of the Dungeon)
Scrolls
 u - 3 scrolls of identify {unknown}
 B - a scroll of summoning {unknown}
 D - a scroll of teleportation {@r4}
Potions
 e - 2 potions of flight {unknown}
 f - 3 potions of curing {unknown}
 j - 2 potions of resistance {unknown}
 k - 2 potions of lignification {unknown}
 m - 2 potions of invisibility {unknown}
 p - 4 potions of might {unknown}
 r - a potion of brilliance {unknown}
 t - a potion of mutation {unknown}
 v - a potion of degeneration {unknown}
 w - a potion of haste {unknown}
 C - a potion of attraction {unknown}

Dungeon Overview and Level Annotations

Branches:
Dungeon (7/15)
 Temple: D:4-7

Altars:
Ashenzari
Gozag
Qazlal
Sif Muna
Xom

Shops:
D:7 =

Annotations:
D:5 1 runed translucent door, Crazy Yiuf
D:7 3 runed translucent doors

.......# ###....#######+##..#
..#########...#### ##FyOu##.)#
..# ###...### ...+zOlJ##..#
..#####...###..######DFOo##..#
........### #H.########+##..#
.#....### #.#H.######.##..####
.#..### #.#.##.#####.#......
.#..# #.#O#.#..####...####
##..# #.#@###....###..# ....#
#.#..÷[...÷.....# .<..#
#(#.###÷...###..#### ....#
..#.#.#..###.....#.. #...#
#..##.###...##..#.# #...# ∆ ∆
##..###...####..#.# #...#
..###...######..#.# #...# ∆ ∆
####...#.........#.# #...#
∆###....###.#######.#.#


You could see a two-headed ogre and a manticore.


Message History

There is an escape hatch in the floor here.
You slide downwards.
The hatch slams shut behind you.
Level annotation: 1 runed translucent door, Crazy Yiuf
There is a stone staircase leading down here.
You climb downwards.
There is a stone staircase leading up here.
There is an escape hatch in the floor here.
There is a stone staircase leading down here.
You climb downwards.
Level annotation: 3 runed translucent doors
There is a stone staircase leading up here.
You now have 336 gold pieces (gained 9).
Found an escape hatch in the floor.
D - a scroll of teleportation {@r4}
o - 127 stones (gained 24)
Things that are here:
a +0 robe; a +0 dagger A four-headed hydra is nearby!
Aiming: Corrosive Bolt
Press: ? - help, Shift-Dir - straight line, f - four-headed hydra
Aim: a four-headed hydra (wandering, hasn't noticed you, 91% to hit)
The bolt of acid hits the four-headed hydra!
The acid corrodes the four-headed hydra!
The four-headed hydra roars!
The now-empty wand crumbles to dust.
Aiming: Iceblast
Press: ? - help, Shift-Dir - straight line, f/p - four-headed hydra
Aim: a four-headed hydra (moderately wounded, covered in acid)
The mass of ice explodes!
The iceblast engulfs the four-headed hydra!
Aiming: Iceblast
Press: ? - help, Shift-Dir - straight line, f/p - four-headed hydra
Aim: a four-headed hydra (heavily wounded, covered in acid)
The mass of ice explodes!
The iceblast engulfs the four-headed hydra!
Aiming: Iceblast
Press: ? - help, Shift-Dir - straight line, f/p - four-headed hydra
Aim: a four-headed hydra (severely wounded, covered in acid)
The mass of ice explodes!
The iceblast engulfs the four-headed hydra!!
You hit the four-headed hydra.
You kill the four-headed hydra!
Lugonu accepts your kill.
Your Dodging skill increases to level 6! 😎 MP[+1]
Your mp is fully restored (18).
You see here a howler monkey skeleton.
A manticore comes into view.
The manticore moves out of view.
Things that are here:
a yak skeleton; a bullfrog skeleton
Items here: )) [ ÷.
You see here a hound skeleton.
v - an amethyst potion A two-headed ogre comes into view.
It is wielding a +0 dire flail and a +0 giant club.
Throw: 127 stones
Press: ? - help, Shift-Dir - straight line, f - two-headed ogre
Aim: a two-headed ogre, wielding a +0 dire flail and a +0 giant club (77% to hit)
You throw a stone. The stone hits the two-headed ogre.
You throw a boomerang. The boomerang hits the two-headed ogre!
You throw a boomerang.
The boomerang completely misses the two-headed ogre.
You throw a boomerang.
The boomerang barely misses the two-headed ogre.
You throw a boomerang. The boomerang hits the two-headed ogre.
You throw a boomerang. The boomerang hits the two-headed ogre.
You barely miss the two-headed ogre.
The two-headed ogre hits you with a +0 dire flail!
The two-headed ogre hits you with a +0 giant club! 😮 HP[-23]
You take 23 damage, and now have 59/82 hp.
MASSIVE DAMAGE!! (PAUSE)
You hit the two-headed ogre.
The two-headed ogre hits you with a +0 dire flail.
The two-headed ogre barely misses you.
You sock the two-headed ogre! You sock the two-headed ogre!
Your punch misses the two-headed ogre.
The two-headed ogre hits you with a +0 dire flail!
The two-headed ogre misses you. 😮 HP[-9]
You take 9 damage, and now have 50/82 hp.
You closely miss the two-headed ogre. Your bite misses the two-headed ogre.
You barely miss the two-headed ogre.
The two-headed ogre hits you with a +0 dire flail!
The two-headed ogre hits you with a +0 giant club.
* * * LOW HITPOINT WARNING * * *
You feel yourself slow down. 😨 HP[-12]
You take 12 damage, and now have 38/82 hp. 😨 HP[+1]
The two-headed ogre hits you with a +0 dire flail!
* * * LOW HITPOINT WARNING * * *
The two-headed ogre hits you with a +0 giant club!
* * * LOW HITPOINT WARNING * * *
😱 HP[-31]
You take 31 damage, and now have 8/82 hp.
MASSIVE DAMAGE!! (PAUSE)
The two-headed ogre closely misses you.
The two-headed ogre hits you with a +0 giant club!!
You die...

Skill      XL: |  1  2  3  4  5  6  7  8  9 10 |
---------------+-------------------------------+-----
Short Blades   | 1 2 3 4 5 |  5.3
Long Blades    | 1 2 3 4 5 |  5.3
Axes           | 1 2 3 4 5 |  5.3
Maces & Flails | 1 2 3 4 5 |  5.3
Staves         | 1 2 3 4 5 |  5.3
Slings         | 1 2 3 4 5 |  5.3
Bows           | 1 2 3 4 5 |  5.3
Crossbows      | 1 2 3 4 5 |  5.3
Throwing       | 1 2 3 4 5 |  5.3
Stealth        | 1 2 3 4 5 |  5.3
Shields        | 1 2 3 4 5 |  5.3
Unarmed Combat | 1 2 3 4 5 |  5.3
Spellcasting   | 1 2 3 4 5 |  5.3
Evocations     | 1 2 3 4 5 |  5.3
Conjurations   | 1 2 3 4 |  4.4
Hexes          | 1 2 3 4 |  4.4
Summonings     | 1 2 3 4 |  4.4
Necromancy     | 1 2 3 4 |  4.4
Translocations | 1 2 3 4 |  4.4
Transmutations | 1 2 3 4 |  4.4
Fire Magic     | 1 2 3 4 |  4.4
Ice Magic      | 1 2 3 4 |  4.4
Air Magic      | 1 2 3 4 |  4.4
Earth Magic    | 1 2 3 4 |  4.4
Poison Magic   | 1 2 3 4 |  4.4
Dodging        | 3 4 5 6 |  6.0
Invocations    | 5 6 7 |  7.5
Polearms       | 5 6 7 |  7.1
Armour         | 5 6 7 |  7.1
Fighting       | 7 8 |  8.5

Action                   |  1- 3 |  4- 6 |  7- 9 | 10-12 || total
-------------------------+-------+-------+-------+-------++-------
Melee: Mace              |    59 |    99 |   187 |    38 ||   383
       Bite              |     4 |     4 |    22 |     4 ||    34
       Punch             |       |       |     2 |       ||     2
Throw: Stone             |       |     1 |       |     1 ||     2
       Boomerang         |       |       |    14 |     5 ||    19
       Javelin           |       |       |    10 |       ||    10
 Cast: Shock             |       |       |     4 |       ||     4
Invok: Depart the Abyss  |     1 |       |       |       ||     1
       Bend Space        |       |       |     1 |       ||     1
Evoke: Wand              |       |     4 |     9 |     6 ||    19
  Use: Scroll            |       |     6 |     4 |       ||    10
 Stab: Sleeping          |     8 |     5 |     4 |       ||    17
       Distracted        |     1 |       |     1 |       ||     2
Armor: Leather armour    |    14 |    10 |    73 |     3 ||   100
Dodge: Dodged            |    23 |    50 |   116 |    16 ||   205

Levels and vault maps discovered:
D:1:      scummos_arrival_checkerplants, layout_basic,
          hellmonk_ecumenical_altar_inner_sanctum, minmay_cut_off
D:2:      layout_rooms, grunt_decor_one_mirror
D:3:      layout_basic, ashenzari_altar_1, lemuel_round_altar,
          serial_bayou_pond_e
D:4:      layout_loops_cross, serial_glass, glass_columns_a, glass_columns_c,
          glass_columns_a, uniq_grinder, uniq_pikel
D:5:      layout_layer_cave, led_sif_pool, uniq_prince_ribbit1,
          uniq_crazy_yiuf_cottage, uniq_eustachio, uniq_sigmund
D:6:      layout_basic, amethyst_overflow_temple_binary
D:7:      minmay_the_grid_triangle_9x9_rhombus_thin
          [minmay_the_grid_triangle_9x9_flanged_cone,
          minmay_the_grid_triangle_9x9_prize_special,
          minmay_the_grid_triangle_9x9_fully_insulated_deathbox,
          minmay_the_grid_triangle_9x9_warning], layout_basic,
          minmay_temple_entry_fiery, serial_shops, nicolae_shop_waterfront

Notes
Turn   | Place    | Note
-------+----------+-------------------------------------------
     0 | Abyss:1  | spiderkeys the Gnoll Abyssal Knight began the quest for the
                  | Orb.
     0 | Abyss:1  | Reached XP level 1. HP: 23/23 MP: 3/3
     0 | Abyss:1  | magus.rc [v1.9.10]
    24 | Abyss:2  | Identified the +9 mace of Calamity {speed, *Slow rN+ rCorr
                  | Stlth+}
    30 | Abyss:2  | Noticed a raiju
    33 | D:1      | You pass through the gate.
    33 | D:1      | Escaped the Abyss
   336 | D:1      | Reached XP level 2. HP: 26/29 MP: 5/5
   459 | D:1      | Reached * piety under Lugonu
   737 | D:1      | Found a faded altar of an unknown god.
   847 | D:2      | Reached XP level 3. HP: 35/35 MP: 6/6
   984 | D:2      | Reached skill level 1 in Short Blades
   984 | D:2      | Reached skill level 1 in Long Blades
   984 | D:2      | Reached skill level 1 in Axes
   984 | D:2      | Reached skill level 1 in Maces & Flails
   984 | D:2      | Reached skill level 1 in Staves
   984 | D:2      | Reached skill level 1 in Slings
   984 | D:2      | Reached skill level 1 in Bows
   984 | D:2      | Reached skill level 1 in Crossbows
   984 | D:2      | Reached skill level 1 in Throwing
   984 | D:2      | Reached skill level 1 in Stealth
   984 | D:2      | Reached skill level 1 in Shields
   984 | D:2      | Reached skill level 1 in Unarmed Combat
   984 | D:2      | Reached skill level 1 in Spellcasting
   984 | D:2      | Reached skill level 1 in Evocations
  1105 | D:2      | Reached XP level 4. HP: 38/41 MP: 7/7
  1129 | D:2      | You add the spells Conjure Flame, Ignite Poison and Sticky
                  | Flame to your library.
  1502 | D:3      | Reached skill level 1 in Conjurations
  1502 | D:3      | Reached skill level 1 in Hexes
  1502 | D:3      | Reached skill level 1 in Summonings
  1502 | D:3      | Reached skill level 1 in Necromancy
  1502 | D:3      | Reached skill level 1 in Translocations
  1502 | D:3      | Reached skill level 1 in Transmutations
  1502 | D:3      | Reached skill level 1 in Fire Magic
  1502 | D:3      | Reached skill level 1 in Ice Magic
  1502 | D:3      | Reached skill level 1 in Air Magic
  1502 | D:3      | Reached skill level 1 in Earth Magic
  1502 | D:3      | Reached skill level 1 in Poison Magic
  1808 | D:3      | Found a broken altar of Ashenzari.
  1897 | D:3      | Found an opulent altar of Gozag.
  1998 | D:3      | Reached XP level 5. HP: 47/47 MP: 8/8
  2140 | D:4      | Noticed a lemure
  2200 | D:4      | Noticed Pikel
  2200 | D:4      | Noticed a lemure
  2200 | D:4      | Noticed an ogre
  2203 | D:4      | Noticed a lemure
  2205 | D:4      | Noticed a lemure
  2208 | D:3      | Killed an ogre
  2209 | D:3      | Reached skill level 3 in Dodging
  2355 | D:3      | Killed a lemure
  2402 | D:3      | Killed a lemure
  2405 | D:3      | HP: 8/47 [lemure[Pikel] (7)]
  2715 | D:3      | Killed a lemure
  2950 | D:4      | Reached skill level 5 in Invocations
  2950 | D:4      | Reached XP level 6. HP: 52/53 MP: 9/9
  2967 | D:4      | Reached skill level 5 in Polearms
  2967 | D:4      | Reached skill level 5 in Armour
  3168 | D:4      | Reached skill level 2 in Short Blades
  3168 | D:4      | Reached skill level 2 in Long Blades
  3168 | D:4      | Reached skill level 2 in Axes
  3168 | D:4      | Reached skill level 2 in Maces & Flails
  3168 | D:4      | Reached skill level 2 in Staves
  3168 | D:4      | Reached skill level 2 in Slings
  3168 | D:4      | Reached skill level 2 in Bows
  3168 | D:4      | Reached skill level 2 in Crossbows
  3168 | D:4      | Reached skill level 2 in Throwing
  3168 | D:4      | Reached skill level 2 in Stealth
  3168 | D:4      | Reached skill level 2 in Shields
  3168 | D:4      | Reached skill level 2 in Unarmed Combat
  3168 | D:4      | Reached skill level 2 in Spellcasting
  3168 | D:4      | Reached skill level 2 in Evocations
  3241 | D:4      | Noticed Grinder
  3258 | D:4      | Reached ** piety under Lugonu
  3275 | D:4      | Killed Grinder
  3276 | D:4      | Reached skill level 7 in Fighting
  3276 | D:4      | Reached skill level 2 in Conjurations
  3276 | D:4      | Reached skill level 2 in Hexes
  3276 | D:4      | Reached skill level 2 in Summonings
  3276 | D:4      | Reached skill level 2 in Necromancy
  3276 | D:4      | Reached skill level 2 in Translocations
  3276 | D:4      | Reached skill level 2 in Transmutations
  3276 | D:4      | Reached skill level 2 in Fire Magic
  3276 | D:4      | Reached skill level 2 in Ice Magic
  3276 | D:4      | Reached skill level 2 in Air Magic
  3276 | D:4      | Reached skill level 2 in Earth Magic
  3276 | D:4      | Reached skill level 2 in Poison Magic
  3276 | D:4      | Reached XP level 7. HP: 43/60 MP: 9/11
  3477 | D:4      | You pick up a book of Alchemy and begin reading...
  3477 | D:4      | You add the spells Sublimation of Blood, Petrify and
                  | Irradiate to your library.
  3485 | D:4      | You pick up a book of Alchemy and begin reading...
  3872 | D:5      | Entered Level 5 of the Dungeon
  4030 | D:5      | Noticed Sigmund
  4033 | D:5      | Killed Sigmund
  4034 | D:5      | Reached XP level 8. HP: 67/67 MP: 12/12
  4035 | D:5      | Noticed a two-headed ogre
  4036 | D:5      | Reached skill level 3 in Short Blades
  4036 | D:5      | Reached skill level 3 in Long Blades
  4036 | D:5      | Reached skill level 3 in Axes
  4036 | D:5      | Reached skill level 3 in Maces & Flails
  4036 | D:5      | Reached skill level 3 in Staves
  4036 | D:5      | Reached skill level 3 in Slings
  4036 | D:5      | Reached skill level 3 in Bows
  4036 | D:5      | Reached skill level 3 in Crossbows
  4036 | D:5      | Reached skill level 3 in Throwing
  4036 | D:5      | Reached skill level 4 in Dodging
  4036 | D:5      | Reached skill level 3 in Stealth
  4036 | D:5      | Reached skill level 3 in Shields
  4036 | D:5      | Reached skill level 3 in Unarmed Combat
  4036 | D:5      | Reached skill level 3 in Spellcasting
  4036 | D:5      | Reached skill level 3 in Evocations
  4048 | D:5      | Killed a two-headed ogre
  4049 | D:5      | Reached skill level 6 in Invocations
  4282 | D:4      | Reached skill level 3 in Conjurations
  4282 | D:4      | Reached skill level 3 in Hexes
  4282 | D:4      | Reached skill level 3 in Summonings
  4282 | D:4      | Reached skill level 3 in Necromancy
  4282 | D:4      | Reached skill level 3 in Translocations
  4282 | D:4      | Reached skill level 3 in Transmutations
  4282 | D:4      | Reached skill level 3 in Fire Magic
  4282 | D:4      | Reached skill level 3 in Ice Magic
  4282 | D:4      | Reached skill level 3 in Air Magic
  4282 | D:4      | Reached skill level 3 in Earth Magic
  4282 | D:4      | Reached skill level 3 in Poison Magic
  4412 | D:5      | Reached skill level 6 in Polearms
  4412 | D:5      | Reached skill level 6 in Armour
  4419 | D:5      | Reached XP level 9. HP: 56/72 MP: 14/14
  4533 | D:5      | Found a shimmering blue altar of Sif Muna.
  4653 | D:5      | Noticed Prince Ribbit
  4658 | D:5      | Killed Prince Ribbit
  4744 | D:5      | Noticed Eustachio
  4747 | D:5      | Killed Eustachio
  4748 | D:5      | Reached skill level 4 in Short Blades
  4748 | D:5      | Reached skill level 4 in Long Blades
  4748 | D:5      | Reached skill level 4 in Axes
  4748 | D:5      | Reached skill level 4 in Maces & Flails
  4748 | D:5      | Reached skill level 4 in Staves
  4748 | D:5      | Reached skill level 4 in Slings
  4748 | D:5      | Reached skill level 4 in Bows
  4748 | D:5      | Reached skill level 4 in Crossbows
  4748 | D:5      | Reached skill level 4 in Throwing
  4748 | D:5      | Reached skill level 4 in Stealth
  4748 | D:5      | Reached skill level 4 in Shields
  4748 | D:5      | Reached skill level 4 in Unarmed Combat
  4748 | D:5      | Reached skill level 4 in Spellcasting
  4748 | D:5      | Reached skill level 4 in Evocations
  5413 | D:5      | Found a runed translucent door.
  5414 | D:5      | Noticed Crazy Yiuf
  5742 | D:6      | Reached skill level 5 in Dodging
  6475 | D:6      | Found a stormy altar of Qazlal.
  6475 | D:6      | Found a shimmering altar of Xom.
  6605 | D:6      | You pick up a book of Weapons and begin reading...
  6605 | D:6      | You add the spells Portal Projectile, Excruciating Wounds
                  | and Blade Hands to your library.
  6713 | D:6      | Reached skill level 8 in Fighting
  6852 | D:7      | Noticed a troll
  6854 | D:7      | Found a runed translucent door.
  6854 | D:7      | Found a runed translucent door.
  7087 | D:7      | Found a runed translucent door.
  7087 | D:7      | Noticed a two-headed ogre
  7087 | D:7      | Noticed a white ugly thing
  7251 | D:7      | You pick up a book of Air and begin reading...
  7251 | D:7      | You add the spells Shock, Swiftness and Airstrike to your
                  | library.
  7254 | D:7      | Learned a level 1 spell: Shock
  7378 | D:7      | Found Yveddyx's Jewellery Shoppe.
  7475 | D:7      | Killed a troll
  7476 | D:7      | Reached skill level 7 in Invocations
  7514 | D:7      | Reached skill level 4 in Conjurations
  7514 | D:7      | Reached skill level 4 in Hexes
  7514 | D:7      | Reached skill level 4 in Summonings
  7514 | D:7      | Reached skill level 4 in Necromancy
  7514 | D:7      | Reached skill level 4 in Translocations
  7514 | D:7      | Reached skill level 4 in Transmutations
  7514 | D:7      | Reached skill level 4 in Fire Magic
  7514 | D:7      | Reached skill level 4 in Ice Magic
  7514 | D:7      | Reached skill level 4 in Air Magic
  7514 | D:7      | Reached skill level 4 in Earth Magic
  7514 | D:7      | Reached skill level 4 in Poison Magic
  7514 | D:7      | Reached XP level 10. HP: 59/80 MP: 14/17
  7524 | D:7      | Noticed a gargoyle
  7540 | D:7      | Killed a gargoyle
  7541 | D:7      | Reached skill level 5 in Short Blades
  7541 | D:7      | Reached skill level 5 in Long Blades
  7541 | D:7      | Reached skill level 5 in Axes
  7541 | D:7      | Reached skill level 5 in Maces & Flails
  7541 | D:7      | Reached skill level 5 in Staves
  7541 | D:7      | Reached skill level 5 in Slings
  7541 | D:7      | Reached skill level 5 in Bows
  7541 | D:7      | Reached skill level 5 in Crossbows
  7541 | D:7      | Reached skill level 5 in Throwing
  7541 | D:7      | Reached skill level 5 in Stealth
  7541 | D:7      | Reached skill level 5 in Shields
  7541 | D:7      | Reached skill level 5 in Unarmed Combat
  7541 | D:7      | Reached skill level 5 in Spellcasting
  7541 | D:7      | Reached skill level 5 in Evocations
  7545 | D:7      | Reached *** piety under Lugonu
  7554 | D:7      | Noticed a four-headed hydra
  7889 | D:3      | Killed Pikel
  7890 | D:3      | Reached skill level 7 in Polearms
  7890 | D:3      | Reached skill level 7 in Armour
  8207 | D:7      | Killed a four-headed hydra
  8208 | D:7      | Reached skill level 6 in Dodging
  8218 | D:7      | Noticed a manticore
  8228 | D:7      | Noticed a two-headed ogre
  8242 | D:7      | HP: 8/82 [two-headed ogre (17)]
  8244 | D:7      | Demolished by a two-headed ogre

Vanquished Creatures
  A hydra (D:7)
  A two-headed ogre (D:5)
  Pikel (D:3)
  A gargoyle (D:7)
  A troll (D:7)
  Grinder (D:4)
  Prince Ribbit (D:5)
  Sigmund (D:5)
  A yak (D:7)
  Eustachio (D:5)
  A black bear (D:7)
  An ice beast (D:4)
  A centaur (D:7)
  3 ogres
  A phantom (D:7)
  3 lemures (D:3)
  2 bullfrogs (D:7)
  A gnoll sergeant (D:6)
  2 scorpions (D:6)
  A water moccasin skeleton (D:4)
  2 howler monkeys
  A bullfrog zombie (D:6)
  A centaur zombie (D:5)
  A gnoll shaman (D:6)
  2 jellies (D:7)
  3 orc priests
  5 hounds
  A centaur skeleton (D:7)
  3 iguanas (D:5)
  6 orc wizards
  A killer bee zombie (D:4)
  A hound skeleton (D:4)
  A howler monkey zombie (D:7)
  8 gnolls
  A howler monkey skeleton (D:7)
  6 adders
  An ufetubus (D:5)
  A worm (D:2)
  26 orcs
  7 bats
  4 endoplasms
  3 giant cockroaches
  10 goblins
  8 hobgoblins
  2 quokkas
  3 ball pythons (D:2)
  2 frilled lizards (D:2)
  4 kobolds
  6 rats
146 creatures vanquished.

Vanquished Creatures (others)
  An orc wizard (D:6)
1 creature vanquished.

Grand Total: 147 creatures vanquished

Table legend:
 A = Non-vault XP
 B = Vault XP
 C = Vault XP percentage of total XP
 D = Non-vault monster count
 E = Vault monster count
 F = Vault count percentage of total count
                 A         B        C        D         E       F
            +---------+---------+-------+---------+---------+-------
      Total |    3266 |    3722 |  53.3 |     126 |      18 |  12.5
            +---------+---------+-------+---------+---------+-------
        D:1 |      23 |       6 |  20.7 |      14 |       3 |  17.6
        D:2 |      69 |       0 |   0.0 |      18 |       0 |   0.0
        D:3 |     177 |     629 |  78.0 |      15 |       1 |   6.2
        D:4 |     545 |     295 |  35.1 |      34 |       1 |   2.9
        D:5 |    1221 |     685 |  35.9 |      13 |       3 |  18.8
        D:6 |     677 |       0 |   0.0 |      18 |       0 |   0.0
        D:7 |     554 |    2107 |  79.2 |      14 |      10 |  41.7
            +---------+---------+-------+---------+---------+-------

Illustrated notes

Table legend:
 A = Kills in this place as a percentage of kills in entire the game.
 B = Kills by you in this place as a percentage of kills by you in the entire game.
 C = Kills by friends in this place as a percentage of kills by friends in the entire game.
 D = Other kills in this place as a percentage of other kills in the entire game.
 E = Experience gained in this place as a percentage of experience gained in the entire game.
 F = Experience gained in this place divided by the number of levels of this place that you have seen.
                   A       B       C       D       E      F
               +-------+-------+-------+-------+-------+----------------------
         Total | 100.0 | 100.0 |   N/A | 100.0 | 100.0 | 776.4
       Dungeon | 100.0 | 100.0 |   N/A | 100.0 | 100.0 | 998.3
               +-------+-------+-------+-------+-------+----------------------

Table legend: (Time is in decaauts)
 A = Elapsed time spent in this place.
 B = Non-inter-level travel time spent in this place.
 C = Inter-level travel time spent in this place.
 D = Time resting spent in this place.
 E = Time spent auto-exploring this place.
 F = Levels seen in this place.
 G = Mean time per level.
                   A        B        C        D        E       F      G
               +--------+--------+--------+--------+--------+-----+--------+
         Total |   8199 |   7730 |    469 |   1623 |   4846 |   9 |  911.0 |
       Dungeon |   8167 |   7698 |    469 |   1623 |   4846 |   7 | 1166.7 |
         Abyss |     32 |     32 |      0 |      0 |      0 |   2 |   16.0 |
               +--------+--------+--------+--------+--------+-----+--------+

Top non-repeatable levels by time:
     D:3: 1731 daAuts
     D:5: 1530 daAuts
     D:4: 1335 daAuts
     D:6: 1313 daAuts
     D:7: 913 daAuts
     D:1: 759 daAuts
     D:2: 583 daAuts
 Abyss:2: 22 daAuts
 Abyss:1: 10 daAuts
